 Dungeon Crawl Stone Soup version 0.26.0-18-gc5c842f807 (webtiles) character file.

Game seed: 9119020037203097175

1991 littlecub the Skirmisher (level 9, -7/72 HPs)
             Began as a Demonspawn Gladiator on Jan 22, 2021.
             Was an Initiate of Okawaru.
             Mangled by an orc warrior
             ... wielding a +0 trident
              (19 damage)
             ... in a bailey.
             The game lasted 00:18:14 (7182 turns).

littlecub the Skirmisher (Demonspawn Gladiator)     Turns: 7182, Time: 00:18:15

Health: -7/72      AC: 14    Str: 17    XL:     9   Next: 1%
Magic:  0/10       EV:  7    Int: 10    God:    Okawaru [......]
Gold:   35         SH:  4    Dex: 15    Spells: 8/8 levels left

rFire    . . .     SeeInvis .   s - +1 battleaxe (pain)
rCold    . . .     Faith    .   (shield currently unavailable)
rNeg     . . .     Spirit   +   p - +0 plate armour
rPois    .         Reflect  .   (helmet restricted)
rElec    .         Harm     .   m - +0 cloak
rCorr    .         Rampage  .   c - +0 pair of gloves
Will     .....                  (no boots)
Stlth    ..........             (no amulet)
HPRegen  0.22/turn              (no ring)
MPRegen  0.24/turn              (no ring)

@: no status effects
A: horns 1, large bone plates 1, demonic guardian 1, magic shield, magic
regeneration
a: Renounce Religion


You were in a bailey.
You worshipped Okawaru.
Okawaru was noncommittal.
You visited 2 branches of the dungeon, and saw 8 of its levels.
You also visited: Bailey.

You collected 359 gold pieces.
You spent 324 gold pieces at shops.

Inventory:

Hand Weapons
 s - a +1 battleaxe of pain (weapon)
Missiles
 b - a poisoned dart (quivered)
Armour
 c - a +0 pair of gloves (worn)
 m - a +0 cloak (worn)
 p - a +0 plate armour (worn)
Jewellery
 q - an uncursed amulet of reflection
Scrolls
 f - a scroll of fear
 i - a scroll of magic mapping
 j - 3 scrolls of teleportation
 k - 2 scrolls of immolation
 o - a scroll of remove curse
 r - a scroll of enchant weapon {unknown}
 t - 2 scrolls of identify
Potions
 a - a potion of flight {unknown}
 d - 3 potions of brilliance {unknown}
 e - a potion of heal wounds {unknown}
 g - 2 potions of curing
 h - a potion of invisibility {unknown}
 l - a potion of lignification {unknown}
 n - 2 potions of haste {unknown}


   Skills:
 * Level 7.0 Fighting
 * Level 6.8 Axes
 - Level 1.7 Throwing
 + Level 4.0 Armour
 + Level 5.1 Dodging
 + Level 1.3 Invocations


You had 8 spell levels left.
You didn't know any spells.
Your spell library was empty.

Dungeon Overview and Level Annotations

Branches:
Dungeon (7/15)             Temple (1/1) D:6          Bailey (1/1)

Altars:
Ashenzari
Cheibriados
Dithmenos
Elyvilon
Fedhas
Gozag
Hepliaklqana
Kikubaaqudgha
Makhleb
Okawaru
Ru
Trog
Uskayaw
Vehumet
Wu Jian
Xom
Yredelemnul
Zin
The Shining One

Shops:
D:6 (


Innate Abilities, Weirdness & Mutations

You have a pair of small horns on your head.
You are partially covered in large bone plates. (SH +4)
A weak demonic guardian rushes to your aid.
When hurt, damage is shared between your health and your magic reserves.
You regenerate magic rapidly.


Message History

The orc knight barely misses your white imp.
The orc warrior hits you from afar with a +0 trident.
There is an empty arch of ancient stone, spattered with blood here.
Your ufetubus hits the orc.
Your ufetubus closely misses the orc.
Your ufetubus hits the orc but does no damage.
Your ufetubus hits the orc.
The orc dies!
Okawaru accepts your kill.
The orc warrior closely misses your quasit.
There is a gate leading back out of this place here.
Your quasit closely misses the orc warrior.
Your quasit claws the orc warrior but does no damage.
Your quasit misses the orc warrior.
Your white imp closely misses the orc warrior.
You aren't carrying any items that you can evoke.
Your ufetubus hits the orc warrior. x2; The orc warrior shoots a bolt.
The bolt hits you!!
* * * LOW HITPOINT WARNING * * *
The orc warrior hits you from afar with a +0 trident!!
You die...

### #### ##∩##
####
..o.##...##....
≈≈≈..#...#..≈≈≈
≈o≈≈.......≈≈o≈
ooo≈......5≈oo.
≈o≈≈...5oo.≈≈o≈
#)5.# #(∩@#
##∩## ###


You could see an orc knight, 4 orc warriors, an orc, a friendly quasit
(summoned), a friendly white imp (summoned) and a friendly ufetubus (summoned).

Vanquished Creatures
  Grinder (D:5)
  A water moccasin (D:6)
  An orc warrior (D:6)
  A sky beast (D:3)
  An ogre (D:5)
  A centaur (D:6)
  2 bullfrogs
  5 wights (D:6)
  A hound (D:6)
  4 orc priests
  2 jellies
  4 orc wizards
  Crazy Yiuf (D:2)
  An iguana (D:5)
  6 worker ants
  2 worker ant zombies
  3 gnolls (D:4)
  A howler monkey skeleton (D:5)
  13 adders
  A shadow imp (D:7)
  2 oozes
  2 worms
  A dart slug (D:3)
  3 leopard geckos
  15 orcs
  5 giant cockroaches
  14 goblins
  12 hobgoblins
  9 jackals
  9 kobolds
  4 quokkas
  11 bats
  5 frilled lizards
  2 quokka skeletons (D:4)
  A quokka zombie (D:6)
  6 rats
153 creatures vanquished.

Vanquished Creatures (collateral kills)
  A black bear (D:7)
  A centaur (D:5)
  2 bullfrogs
  An adder (D:6)
  A worm (D:6)
  2 orcs
  4 goblins (D:7)
  A quokka (D:6)
13 creatures vanquished.

Grand Total: 166 creatures vanquished

Notes
Turn   | Place    | Note
-------+----------+-------------------------------------------
     0 | D:1      | littlecub the Demonspawn Gladiator began the quest for the
                  | Orb.
     0 | D:1      | Reached XP level 1. HP: 16/16 MP: 1/1
   209 | D:1      | Gained mutation: You are partially covered in large bone
                  | plates. (SH +4) [demonic ancestry]
   209 | D:1      | Reached XP level 2. HP: 21/22 MP: 2/2
   750 | D:1      | Gained mutation: When hurt, damage is shared between your
                  | health and your magic reserves. [demonic ancestry]
   750 | D:1      | Reached XP level 3. HP: 28/28 MP: 3/3
  1266 | D:2      | Reached skill level 1 in Armour
  1637 | D:2      | Reached skill level 3 in Fighting
  1637 | D:2      | Reached XP level 4. HP: 35/35 MP: 4/4
  2069 | D:2      | Found a white marble altar of Elyvilon.
  2132 | D:2      | Found a runed translucent door.
  2133 | D:2      | Noticed Crazy Yiuf
  2143 | D:2      | Killed Crazy Yiuf
  2530 | D:3      | Gained mutation: You have a pair of small horns on your
                  | head. [demonic ancestry]
  2530 | D:3      | Reached XP level 5. HP: 41/41 MP: 5/5
  2537 | D:3      | Noticed a sky beast
  2547 | D:3      | Killed a sky beast
  2720 | D:3      | Reached skill level 4 in Fighting
  2720 | D:3      | Reached XP level 6. HP: 38/48 MP: 4/6
  4383 | D:5      | Entered Level 5 of the Dungeon
  4390 | D:5      | Reached XP level 7. HP: 39/55 MP: 5/7
  4530 | D:5      | Reached skill level 5 in Axes
  4621 | D:4      | Reached skill level 5 in Fighting
  4884 | D:5      | Noticed Grinder
  4890 | D:5      | Paralysed by Grinder for 2 turns
  4896 | D:5      | Killed Grinder
  5151 | D:5      | Gained mutation: A weak demonic guardian rushes to your
                  | aid. [demonic ancestry]
  5151 | D:5      | Reached XP level 8. HP: 64/64 MP: 8/8
  5834 | D:5      | Found a shadowy altar of Dithmenos.
  5949 | D:6      | Found a staircase to the Ecumenical Temple.
  5960 | D:6      | Reached skill level 6 in Fighting
  5972 | Temple   | Entered the Ecumenical Temple
  6576 | D:6      | Found an iron altar of Okawaru.
  6584 | D:6      | Became a worshipper of Warmaster Okawaru
  6650 | D:6      | Reached skill level 5 in Dodging
  6709 | D:6      | Found Nuifush's Weapon Shoppe.
  6712 | D:6      | Bought a +1 battleaxe of pain for 324 gold pieces
  6882 | D:6      | Reached skill level 1 in Invocations
  6889 | D:6      | Found a hide-covered altar of Uskayaw.
  7123 | D:7      | Found a basalt altar of Yredelemnul.
  7135 | D:7      | Found a flagged portal.
  7148 | D:7      | Reached skill level 7 in Fighting
  7148 | D:7      | Gained mutation: You regenerate magic rapidly. [demonic
                  | ancestry]
  7148 | D:7      | Reached XP level 9. HP: 57/72 MP: 7/10
  7171 | Bailey   | Entered a bailey
  7171 | Bailey   | Noticed an orc knight
  7177 | Bailey   | Noticed an orc knight
  7179 | Bailey   | Noticed an orc knight
  7182 | Bailey   | Mangled by an orc warrior

Illustrated notes

Levels and vault maps discovered:
D:1:      shiori_arrival_oz, layout_loops_corners, minmay_pentomino_v4
D:2:      layout_basic, elyvilon_altar_1, uniq_crazy_yiuf_cottage
D:3:      layout_basic, minmay_misc_feat_iff
D:4:      layout_basic
D:5:      layout_rooms, nicolae_dithmenos_through_a_glass_darkly, serial_glass,
          glass_columns_a, glass_columns_c, uniq_grinder
D:6:      layout_basic, lemuel_crystal_altar, lemuel_crystal_altar,
          minmay_temple_entry_wispy, serial_shops, kennysheep_mini
D:7:      layout_cave_pools, grunt_qazlal_sundering, enter_bailey_5,
          serial_shops, nicolae_shop_trees, serial_gnoll_camp,
          gnoll_camp_huts_moat, gnoll_camp_medium_02, gnoll_camp_mini_shop,
          gnoll_camp_mini_loothouse, yredelemnul_altar_generic
Temple:   regret_index_temple_waves
Bailey:   bailey_polearm_4, bailey

Skill      XL: |  1  2  3  4  5  6  7  8 |
---------------+-------------------------+-----
Axes           | 3 4 5 6 |  6.8
Dodging        | 3 4 5 |  5.1
Armour         | 1 2 3 4 |  4.0
Fighting       | 3 4 5 7 |  7.0
Invocations    | 1 |  1.3
Throwing       | |  1.7

Action                   |  1- 3 |  4- 6 |  7- 9 || total
-------------------------+-------+-------+-------++-------
Melee: War axe           |    84 |   158 |    77 ||   319
       Headbutt          |       |    14 |    40 ||    54
       Whip              |       |       |   102 ||   102
       Battleaxe         |       |       |    30 ||    30
Throw: Throwing net      |     2 |     5 |       ||     7
       Dart              |    57 |    54 |     3 ||   114
  Use: Scroll            |       |     6 |     2 ||     8
 Stab: Held in net/web   |     2 |     1 |       ||     3
Armor: Leather armour    |     3 |       |       ||     3
       Scale mail        |    30 |    41 |       ||    71
       Plate armour      |       |    32 |   136 ||   168
Dodge: Dodged            |    44 |    73 |    73 ||   190
Block: Other             |    19 |    24 |    32 ||    75
